Map: Eternal Empire LE

Players

Massa - Winner!

  • Race: Terran Terran
  • League: Gold
  • Spawn Location: 7:00

ArTiFeX

  • Race: Terran Terran
  • League: Platinum
  • Spawn Location: 1:00

VOD

Have the link to the VOD?

Description

Time

  • Played on: Aug. 11, 2020, 10:02 a.m.
  • Length: 24:53
Show
View Real Time Build Order
Export as new Build Order

Massa Terran - Winner!

Build Orders: Reaper Expand, Mech 

Get SALT Encoding   

  12  0:01  SCV  
  13  0:13  SCV  
  14  0:20  Supply Depot  
  14  0:25  SCV  
  15  0:42  SCV  
  16  0:44  Barracks  
  16  0:51  Refinery  
  16  0:54  SCV  
  17  1:06  SCV  
  18  1:18  SCV  
  19  1:35  Reaper  
  20  1:44  Command Center  
  20  1:50  Orbital Command  
  20  2:06  Supply Depot  
  20  2:07  Reaper  
  20  2:35  SCV  
  21  2:38  Marine  
  22  2:47  SCV  
  22  2:55  Barracks  
  22  2:56  Marine  
  23  2:59  SCV  
  23  3:11  SCV  
  24  3:15  Orbital Command, Factory  
  24  3:21  Marine  
  24  3:23  SCV  
  26  3:35  SCV  
  26  3:38  Marine  
  26  3:40  Supply Depot  
  28  3:43  SCV  
  28  3:44  Engineering Bay  
  28  3:47  Barracks Tech Lab  
  28  3:48  SCV  
  31  3:55  SCV  
  31  3:58  Factory Reactor  
  31  4:00  SCV  
  32  4:05  Factory, Supply Depot  
  32  4:07  SCV  
  33  4:13  Starport  
  33  4:16  Missile Turret  
  33  4:18  SCV  
  33  4:19  Refinery, SCV  
  35  4:24  Marauder  
  35  4:25  Marine  
  35  4:30  SCV  
  39  4:32  SCV  
  39  4:34  Hellion x2  
  44  4:42  SCV  
  44  4:43  Marine  
  44  4:44  SCV  
  47  4:47  Marauder  
  47  4:49  Factory Tech Lab  
  49  4:54  SCV  
  49  4:56  Hellion x2  
  54  5:01  Marine  
  54  5:02  SCV  
  54  5:06  SCV  
  57  5:08  Marauder  
  59  5:18  Hellion  
  59  5:19  Infernal Pre-Igniter  
  61  5:25  Supply Depot  
  61  5:33  Missile Turret  
  61  5:35  SCV  
  62  5:38  Refinery  
  62  5:40  Terran Infantry Weapons Level 1  
  62  5:46  Barracks Reactor  
  62  5:47  SCV x2, Hellion, Marauder, Supply Depot  
  68  5:53  Missile Turret  
  68  5:59  SCV  
  69  6:09  Medivac, Supply Depot  
  69  6:11  Supply Depot  
  71  6:12  Supply Depot  
  71  6:13  Missile Turret  
  71  6:18  Armory  
  71  6:21  Marauder  
  71  6:35  Supply Depot  
  69  6:43  Marauder  
  57  6:57  Supply Depot  
  55  7:04  Marauder, Marine x2  
  59  7:20  Supply Depot  
  59  7:21  Marine  
  59  7:22  Marine  
  54  7:26  Marauder  
  54  7:28  Thor  
  62  7:30  Hellion  
  62  7:31  Hellion  
  66  7:37  Terran Infantry Armor Level 1  
  66  7:39  Marine  
  66  7:40  Marine  
  66  7:43  Command Center  
  68  7:47  Marauder  
  68  7:50  Refinery  
  70  7:52  Hellion x2  
  70  7:56  SCV x2  
  70  7:57  Marine  
  70  7:58  Marine  
  78  8:03  Missile Turret  
  78  8:08  SCV x2, Marauder, Liberator  
  78  8:11  Thor  
  91  8:15  Marine  
  92  8:20  SCV x2  
  92  8:25  Missile Turret  
  94  8:27  Stimpack  
  94  8:29  Marine  
  94  8:32  SCV  
  94  8:33  SCV  
  97  8:37  Barracks  
  97  8:44  SCV  
  97  8:45  SCV  
  97  8:46  Missile Turret  
  97  8:48  Barracks, Marauder  
  101  8:54  Thor  
  107  9:02  Command Center  
  107  9:06  SCV x2  
  109  9:13  Orbital Command  
  109  9:18  SCV x2  
  111  9:30  SCV x2  
  113  9:38  Barracks Tech Lab  
  113  9:39  Barracks Reactor  
  113  9:42  SCV  
  113  9:43  SCV  
  115  9:53  Thor  
  115  9:54  SCV  
  115  9:55  SCV, Hellbat x2  
  115  9:57  Combat Shield  
  115  9:59  Marauder, Marine  
  129  10:00  Marine  
  129  10:04  SCV  
  129  10:06  SCV  
  133  10:07  SCV, Concussive Shells  
  133  10:10  Refinery  
  133  10:12  Refinery  
  134  10:15  Terran Infantry Weapons Level 2  
  134  10:16  SCV, Engineering Bay, Hellbat x2  
  134  10:17  Marine x2  
  134  10:18  SCV  
  134  10:19  SCV, Terran Vehicle And Ship Armor Level 1  
  134  10:20  Marauder  
  134  10:21  Armory  
  145  10:28  SCV  
  146  10:30  SCV  
  146  10:31  SCV  
  146  10:35  Marine x2  
  149  10:37  Hellbat  
  149  10:38  Hellbat x2  
  156  11:05  SCV, Hellbat  
  156  11:09  Terran Infantry Armor Level 2  
  156  11:12  Terran Vehicle Weapons Level 1  
  156  11:17  Starport  
  156  11:23  Supply Depot x2  
  156  11:25  Supply Depot  
  156  11:27  Supply Depot  
  156  11:28  Missile Turret  
  156  11:30  Missile Turret  
  156  11:31  Supply Depot  
  156  11:34  Missile Turret  
  156  11:35  Missile Turret x2  
  156  11:44  SCV, Marine x2, Viking  
  156  11:45  Marauder  
  163  11:48  Supply Depot  
  163  11:50  Supply Depot x2  
  163  11:52  Supply Depot  
  163  11:54  Supply Depot  
  163  11:55  Missile Turret  
  163  12:02  Marine x2  
  163  12:03  Marine x2  
  163  12:06  Marauder x2  
  171  12:14  Viking  
  173  12:16  Missile Turret  
  173  12:20  Marine x3, Liberator  
  173  12:21  Marine  
  173  12:22  Supply Depot  
  180  12:27  Marauder x2  
  180  12:29  Planetary Fortress  
  184  12:37  Missile Turret  
  184  12:38  Starport, SCV x2  
  186  12:44  Viking  
  186  12:45  Command Center  
  186  12:49  Marauder x2  
  192  13:03  Refinery, Liberator  
  192  13:05  Refinery  
  195  13:10  Marauder x2  
  199  13:20  Missile Turret  
  199  13:24  Missile Turret x2  
  199  13:46  Missile Turret  
  199  13:47  Missile Turret  
  199  14:03  Terran Infantry Weapons Level 3, Terran Infantry Armor Level 3  
  199  14:04  Terran Vehicle And Ship Armor Level 2  
  199  14:05  Terran Vehicle Weapons Level 2  
  199  14:11  Starport Tech Lab, Starport Reactor  
  197  15:09  Viking x3  
  193  15:27  Orbital Command  
  193  15:33  Command Center  
  193  15:47  Command Center  
  137  16:20  Marauder x2, Marine  
  137  16:21  Marine x3  
  140  16:38  Marine x4, Liberator x3  
  153  16:41  Marauder x2  
  157  16:48  Orbital Command  
  157  16:56  Terran Vehicle And Ship Armor Level 3, Marine x4  
  157  16:57  Terran Vehicle Weapons Level 3  
  157  17:00  Command Center  
  161  17:02  Marauder  
  161  17:03  Marauder  
  165  17:09  Thor  
  165  17:11  Hellbat  
  165  17:12  Hellbat  
  165  17:14  Marine x3  
  170  17:20  Liberator x2  
  153  17:24  Marauder x2  
  125  17:33  Hellbat x2  
  129  17:37  Marine x3  
  129  17:38  Marine  
  129  17:42  Planetary Fortress  
  131  17:45  Marauder  
  131  17:46  Marauder  
  134  17:52  Thor  
  134  17:54  Hellbat x2  
  134  17:55  Marine x4  
  148  18:06  Barracks, Marauder  
  148  18:07  Barracks, Marauder  
  148  18:08  Barracks  
  152  18:13  Marine x4  
  152  18:16  Viking x3, Hellbat  
  164  18:28  Marauder x2  
  164  18:30  Marine  
  164  18:31  Marine x3  
  172  18:34  Thor  
  172  18:36  Hi-Sec Auto Tracking, Neosteel Armor  
  172  18:40  Cloaking Field  
  178  18:45  Smart Servos  
  178  18:46  Viking x3  
  184  18:49  Marauder  
  184  18:50  Marauder  
  188  18:59  Unknown  
  184  19:17  Thor  
  184  19:22  Viking x3  
  196  19:27  Hellbat x2  
  200  19:34  Terran Ship Weapons Level 1  
  188  20:26  Viking x3  
  186  20:56  Viking x3  
  192  21:05  Marauder x2, Marine  
  192  21:06  Marine x2  
  192  21:07  Marine  
  192  21:26  Marauder x2, Viking x2  
  192  21:32  Marine  
  200  21:39  Barracks  
  193  21:40  Barracks  
  193  21:42  Barracks  
  193  21:43  Barracks  
  193  21:44  Barracks x2  
  193  21:46  Barracks x2  
  187  21:48  Marauder  
  187  21:50  Barracks  
  173  22:21  Command Center  
  171  22:28  Factory  
  170  22:37  Barracks Tech Lab x3, Command Center  
  170  22:38  Barracks Tech Lab x2  
  170  22:39  Factory  
  170  22:49  Barracks Tech Lab  
  170  23:01  Barracks Tech Lab x2  
  170  23:02  Barracks Tech Lab  
  152  23:40  Supply Depot  
  147  23:47  Orbital Command, Supply Depot  
  153  23:48  Marauder x4  
  153  23:49  Supply Depot  
  153  23:50  Orbital Command, Supply Depot x2  
  153  23:51  Supply Depot x2  
  153  23:54  Supply Depot x2  
  153  23:55  Marauder, Supply Depot x2  
  154  23:57  Supply Depot  
  154  23:58  Marauder, Supply Depot  
  154  23:59  Marauder  
  154  24:00  Marauder  
  154  24:02  Marauder  
  156  24:04  Supply Depot  
  150  24:11  Marauder x4  
  150  24:13  Supply Depot x3  
  152  24:17  Marauder, Supply Depot  
  152  24:19  Marauder  
  152  24:20  Marauder  
  152  24:21  Marauder  
  152  24:24  Marauder  
  160  24:27  Supply Depot  
  160  24:30  SCV  
  180  24:52  Supply Depot  
Show
View Real Time Build Order
Export as new Build Order

ArTiFeX Terran 

Build Orders: Reaper Expand, Mech 

Get SALT Encoding   

  12  0:03  SCV  
  13  0:15  SCV  
  13  0:18  Supply Depot  
  14  0:27  SCV  
  15  0:44  Barracks  
  15  0:50  Refinery  
  15  0:52  SCV  
  16  1:04  SCV  
  17  1:16  SCV  
  17  1:34  Orbital Command  
  17  1:37  Supply Depot  
  17  1:38  Reaper  
  17  2:02  SCV  
  18  2:12  Command Center  
  18  2:14  SCV  
  19  2:16  Marine  
  20  2:23  Factory  
  20  2:30  SCV  
  20  2:33  Refinery  
  20  2:42  SCV  
  21  2:56  Barracks Reactor  
  21  3:01  SCV  
  22  3:13  SCV  
  22  3:15  Hellion  
  22  3:18  Starport  
  25  3:25  SCV  
  26  3:30  Factory  
  26  3:35  Marine x2  
  26  3:37  SCV  
  29  3:51  Orbital Command  
  29  3:53  Refinery  
  29  3:54  Refinery, SCV  
  30  3:57  Starport Tech Lab  
  30  3:59  Factory Tech Lab  
  30  4:06  SCV  
  31  4:12  Supply Depot  
  31  4:18  SCV  
  31  4:20  SCV  
  31  4:24  Raven  
  35  4:30  SCV  
  36  4:32  SCV  
  36  4:34  Supply Depot  
  37  4:40  Supply Depot  
  37  4:45  Cyclone  
  40  4:47  SCV x2  
  42  4:59  SCV, Hellion x2  
  47  5:07  Supply Depot  
  47  5:16  Raven  
  47  5:17  Cyclone  
  47  5:19  Mag-Field Accelerator  
  52  5:21  Hellion  
  52  5:25  SCV x2  
  56  5:37  SCV x2  
  56  5:41  Supply Depot  
  58  5:45  Supply Depot  
  58  5:49  Cyclone, SCV x2  
  63  5:54  Hellion  
  65  5:58  Raven  
  67  6:11  SCV x2  
  69  6:16  Supply Depot  
  69  6:21  Siege Tank  
  69  6:23  SCV x2  
  70  6:35  SCV  
  70  6:36  Hellion x2  
  75  6:42  Banshee  
  70  6:53  Siege Tank  
  57  7:08  SCV x2  
  57  7:14  Hellion x2  
  59  7:20  SCV  
  59  7:21  SCV  
  61  7:25  Siege Tank  
  64  7:30  Factory  
  64  7:32  Factory  
  64  7:34  Command Center  
  64  7:40  Hellion  
  66  7:44  Hellion  
  68  7:56  Armory  
  68  7:57  Armory  
  68  7:58  Hellion  
  70  8:14  Banshee  
  70  8:16  Factory Tech Lab  
  70  8:18  Factory Tech Lab  
  73  8:24  Fusion Core  
  73  8:28  Hellion  
  73  8:29  Hellion  
  77  8:34  Supply Depot  
  77  8:35  Supply Depot  
  77  8:41  Siege Tank x3  
  77  8:45  SCV x2  
  88  8:50  Hellion x2  
  92  8:56  Supply Depot  
  92  8:57  SCV x2, Terran Vehicle Weapons Level 1  
  92  8:58  Terran Vehicle And Ship Armor Level 1, Supply Depot  
  94  9:11  Hellion  
  94  9:13  Siege Tank x2  
  102  9:37  Battlecruiser  
  108  9:43  Orbital Command  
  108  9:51  Engineering Bay  
  108  9:54  Siege Tank  
  108  9:55  Hellion x4  
  119  10:10  Infernal Pre-Igniter  
  119  10:16  Hellion x2  
  123  10:23  SCV x2  
  123  10:24  SCV  
  126  10:28  Refinery  
  126  10:30  Refinery  
  126  10:35  SCV  
  126  10:36  SCV x2  
  126  10:41  Battlecruiser  
  131  10:47  SCV  
  132  11:16  Siege Tank x2  
  132  11:18  Hellion x2  
  142  11:26  Missile Turret  
  142  11:33  Missile Turret  
  142  11:34  Terran Vehicle Weapons Level 2  
  142  11:40  SCV x2  
  142  11:45  Raven  
  146  11:48  Missile Turret  
  146  11:52  SCV x2  
  148  12:04  SCV  
  149  12:19  Terran Vehicle And Ship Armor Level 2  
  149  12:28  Supply Depot x2  
  149  12:30  Supply Depot  
  149  12:33  Supply Depot  
  149  12:34  Supply Depot  
  149  12:39  Command Center  
  149  12:49  Raven, Siege Tank x2  
  149  12:50  Siege Tank  
  160  12:58  Factory x2  
  160  12:59  Factory  
  160  13:03  Command Center  
  160  13:04  Weapon Refit  
  160  13:06  Starport  
  160  13:07  Starport  
  160  13:10  Supply Depot  
  160  13:14  SCV x2  
  162  13:26  SCV  
  162  13:27  SCV  
  164  13:45  Starport Reactor  
  164  13:49  Hi-Sec Auto Tracking  
  164  13:51  Starport Tech Lab  
  162  13:56  Planetary Fortress  
  162  13:59  Missile Turret  
  162  14:21  Siege Tank  
  162  14:22  Siege Tank x2  
  171  14:25  Factory Tech Lab x2  
  171  14:26  Factory Tech Lab  
  171  14:32  Refinery  
  171  14:35  Refinery  
  170  14:54  Siege Tank  
  170  15:19  Viking x2  
  170  15:20  Viking x2  
  178  15:31  Terran Vehicle Weapons Level 3  
  178  15:32  Terran Vehicle And Ship Armor Level 3  
  178  15:47  Command Center  
  178  15:49  Viking x2  
  182  15:50  Viking x2  
  140  16:46  Siege Tank x4  
  140  16:47  Siege Tank x2  
  146  17:18  Siege Tank  
  118  17:30  Siege Tank x4  
  118  17:31  Hellion x2, Siege Tank  
  137  17:50  Siege Tank  
  140  17:53  Hellion x2  
  144  18:01  Command Center  
  144  18:02  Hellion  
  146  18:17  Raven, Viking x2  
  146  18:18  Raven  
  154  18:31  Terran Ship Weapons Level 1  
  154  19:01  Missile Turret  
  154  19:21  Battlecruiser x2  
  166  20:00  Siege Tank x2  
  172  20:11  Viking x2  
  176  20:25  Battlecruiser  
  182  20:31  Hellion x6  
  182  20:32  Hellion x2  
  188  20:52  Hellion x2  
  188  20:53  Hellion x3  
  190  21:22  Siege Tank x2  
  196  21:32  Hellion  
  196  21:34  Hellion  
  196  21:36  Hellion  
  171  22:18  Command Center  
Tags
 
Add a new tag
Caveats
  • Supply blocks, unpowered buildings, or Contaminate may cause inaccurate times.
  • Supply counts are checked every 10 seconds.